 Dungeon Crawl Stone Soup version 0.21.1-1-g345015fe64 (webtiles) character file.

967 Kohma the Sneak (level 8, -7/42 HPs)
             Began as a Vine Stalker Assassin on July 12, 2018.
             Was a Follower of Uskayaw.
             Mangled by an orc warrior
             ... wielding a +0 dire flail
              (15 damage)
             ... on level 7 of the Dungeon.
             The game lasted 00:17:08 (5095 turns).

Kohma the Sneak (Vine Stalker Assassin)             Turns: 5095, Time: 00:17:09

Health: -7/42      AC:  8    Str: 14    XL:     8   Next: 15%
Magic:  0/9        EV: 10    Int: 13    God:    Uskayaw [*.....]
Gold:   26         SH:  0    Dex: 16    Spells: 5/7 levels left

rFire    . . .     SeeInvis .   A - +2 dagger (vamp)
rCold    . . .     Gourm    .   (no shield)
rNeg     . . .     Faith    +   l - +0 ring mail
rPois    .         Spirit   +   t - +1 helmet
rElec    .         Reflect  .   d - +0 cloak
rCorr    .         Harm     .   (no gloves)
MR       +....                  (no boots)
Stlth    ++++......             k - amulet of faith
HPRegen  0.54/turn              (no ring)
MPRegen  0.11/turn              B - ring of stealth

@: lethally poisoned (-7 -> -7)
A: fangs 3, regeneration 1, magic shield, antimagic bite, no potion heal 3, rot
immunity
a: Stomp, Renounce Religion


You were on level 7 of the Dungeon.
You worshipped Uskayaw.
Uskayaw was noncommittal.
You were not hungry.

You visited 2 branches of the dungeon, and saw 9 of its levels.

You collected 341 gold pieces.
You spent 315 gold pieces at shops.

Inventory:

Hand Weapons
 a - a +2 dagger
 b - a +0 blowgun
 y - a +1 dagger of draining
 z - a +3 dagger of flaming
 A - a +2 vampiric dagger (weapon)
Missiles
 f - 12 curare-tipped needles {!f}
 p - 2 throwing nets (quivered)
 u - 45 poisoned needles
Armour
 d - a +0 cloak (worn)
 l - a +0 ring mail (worn)
 t - a +1 helmet (worn)
 x - a +1 robe of cold resistance
Jewellery
 k - an amulet of faith (around neck)
 B - a ring of stealth (right hand)
Wands
 c - a wand of random effects (41)
 r - a wand of flame (23)
Scrolls
 j - a scroll of remove curse
 o - 7 scrolls of teleportation
 v - 2 scrolls of fog
 C - a scroll of magic mapping
 D - 2 scrolls of identify
 E - a scroll of blinking
 F - a scroll of enchant armour
Potions
 e - a potion of flight
 h - 2 potions of curing
 i - a potion of lignification
 m - a potion of might
 n - a potion of brilliance
 s - a potion of magic
Books
 w - a book of Minor Magic

   Spells                             Type                      Level
   a - Magic Dart                     Conjuration                  1
   b - Blink                          Translocation                2
   c - Call Imp                       Summoning                    2
   d - Slow                           Hexes                        2
   e - Conjure Flame                  Conjuration/Fire             3
   f - Mephitic Cloud                 Conjuration/Poison/Air       3
Comestibles
 g - 6 rations
 q - a chunk of flesh


   Skills:
 + Level 3.9 Fighting
 * Level 5.3 Short Blades
 + Level 4.0 Throwing
 - Level 0.7 Dodging
 + Level 7.0 Stealth
 - Level 2.0 Translocations


You had 5 spell levels left.
You knew the following spells:

 Your Spells              Type           Power        Failure   Level  Hunger
a - Blink                 Tloc           N/A          38%         2    ###....


Dungeon Overview and Level Annotations

Branches:
Dungeon (8/15)             Temple (1/1) D:5
   Lair: D:8-11

Altars:
Ashenzari
Cheibriados
Dithmenos
Elyvilon
Fedhas
Gozag
Kikubaaqudgha
Makhleb
Nemelex Xobeh
Okawaru
Qazlal
Ru
Sif Muna
Trog
Uskayaw
Vehumet
Yredelemnul
Zin
The Shining One

Shops:
D:6 ?


Innate Abilities, Weirdness & Mutations

You have razor-sharp teeth.
Your natural rate of healing is unusually fast.
When hurt, damage is shared between your health and your magic reserves.
Your bite disrupts and absorbs the magic of your enemies.
Potions cannot restore your health.
You are immune to rotting.


Message History

The jackal bites you but does no damage.
You feel sick. The adder bites you but does no damage.
The adder barely misses you. The hound bites you.
The adder bites you but does no damage. The hound misses you.
Found a scroll of teleportation.
You feel sick. The adder bites you.
You are more poisoned.
The adder poisons you!
There is a stone staircase leading up here.
The adder bites you.
The hound stops to sniff the ground.
The orc warrior hits you with a dire flail!
* * * LOW HITPOINT WARNING * * *
The jackal barks!
You climb upwards.
There is a stone staircase leading down here.
You feel sick. The adder closely misses you.
The orc warrior hits you with a dire flail!
You die...

..........
.........#
.........#
.........#
.........#
.........#
.........#
......o>.#
......S@##
.........#
......#..#
....####.#
.### ..
... ...
...#


You could see an orc warrior and an adder.

Vanquished Creatures
  Sigmund (D:2)
  Menkaure (D:5)
  A centaur (D:5)
  A bullfrog (D:6)
  2 crimson imps
  3 hounds
  A centaur skeleton (D:4)
  3 orc wizards
  2 worker ants
  A hound skeleton (D:4)
  A worker ant zombie (D:5)
  9 adders
  A shadow imp (D:6)
  A white imp (D:4)
  An adder skeleton (D:4)
  3 worms
  A dart slug (D:2)
  4 leopard geckos
  14 orcs
  A ball python (D:3)
  3 bats (D:2)
  3 giant cockroaches
  5 goblins
  4 hobgoblins
  9 jackals
  7 kobolds
  14 frilled lizards
  A giant cockroach zombie (D:5)
  5 rats
103 creatures vanquished.

Vanquished Creatures (others)
  A rat (D:3)
1 creature vanquished.

Grand Total: 104 creatures vanquished

Notes
Turn   | Place    | Note
-------+----------+-------------------------------------------
     0 | D:1      | Kohma the Vine Stalker Assassin began the quest for the Orb.
     0 | D:1      | Reached XP level 1. HP: 11/11 MP: 2/2
   529 | D:1      | Reached XP level 2. HP: 7/15 MP: 3/3
   732 | D:1      | Reached skill level 5 in Stealth
  1318 | D:2      | Reached XP level 3. HP: 6/18 MP: 1/4
  1771 | D:2      | Learned a level 2 spell: Blink
  1890 | D:2      | Gained mutation: Your natural rate of healing is unusually fast. [Vine Stalker growth]
  1890 | D:2      | Reached XP level 4. HP: 18/23 MP: 5/5
  1908 | D:2      | Noticed Sigmund
  2211 | D:2      | Killed Sigmund
  2211 | D:2      | Reached XP level 5. HP: 23/27 MP: 2/6
  2316 | D:3      | Reached XP level 6. HP: 32/32 MP: 7/7
  2575 | D:3      | Reached skill level 6 in Stealth
  2716 | D:3      | Found a bloodstained altar of Trog.
  2865 | D:3      | Found a basalt altar of Yredelemnul.
  2867 | D:3      | Noticed a profane servitor
  2884 | D:3      | Found a glowing golden altar of the Shining One.
  2886 | D:3      | Noticed an angel
  3263 | D:4      | Reached XP level 7. HP: 33/36 MP: 8/8
  3931 | D:5      | Entered Level 5 of the Dungeon
  3982 | D:5      | Noticed Menkaure
  3998 | D:5      | HP: 1/36 [Menkaure (8)]
  4000 | D:5      | Killed Menkaure
  4119 | D:5      | Found a burning altar of Makhleb.
  4119 | D:5      | Found an ancient bone altar of Kikubaaqudgha.
  4119 | D:5      | Found a shadowy altar of Dithmenos.
  4119 | D:5      | Found a glowing silver altar of Zin.
  4141 | D:5      | Found a snail-covered altar of Cheibriados.
  4141 | D:5      | Found a stormy altar of Qazlal.
  4162 | D:5      | You fall through a shaft!
  4289 | D:5      | Reached skill level 5 in Short Blades
  4292 | D:5      | Found a staircase to the Ecumenical Temple.
  4312 | Temple   | Entered the Ecumenical Temple
  4354 | Temple   | Became a worshipper of Uskayaw the Reveler
  4485 | D:5      | Reached * piety under Uskayaw
  4491 | D:5      | Reached ** piety under Uskayaw
  4734 | D:5      | Found a radiant altar of Vehumet.
  4878 | D:6      | Gained mutation: You have razor-sharp teeth. [Vine Stalker growth]
  4878 | D:6      | Reached XP level 8. HP: 38/42 MP: 9/9
  4920 | D:6      | HP: 2/42 [orc warrior/halberd (12)]
  4934 | D:5      | Reached skill level 7 in Stealth
  5024 | D:6      | Found Laobrist's Magic Scroll Emporium.
  5031 | D:6      | Bought a scroll of magic mapping for 49 gold pieces
  5031 | D:6      | Bought a scroll of identify for 28 gold pieces
  5031 | D:6      | Bought a scroll of blinking for 105 gold pieces
  5031 | D:6      | Bought a scroll of identify for 28 gold pieces
  5031 | D:6      | Bought a scroll of enchant armour for 105 gold pieces
  5047 | D:6      | You fall through a shaft for 2 floors!
  5063 | D:8      | Found a shattered altar of Ashenzari.
  5095 | D:7      | Mangled by an orc warrior

Skill      XL: |  1  2  3  4  5  6  7  8 |
---------------+-------------------------+-----
Short Blades   | 2 3 4 5 |  5.3
Stealth        | 5 6 7 |  7.0
Throwing       | 2 3 4 |  4.0
Fighting       | 2 3 |  3.9
Translocations | 2 |  2.0
Dodging        | |  0.7

Action                   |  1- 3 |  4- 6 |  7- 9 || total
-------------------------+-------+-------+-------++-------
Melee: Dagger            |    86 |   161 |   163 ||   410
       Bite              |    21 |    46 |    55 ||   122
 Fire: Blowgun           |     8 |    13 |       ||    21
  Use: Scroll            |       |     7 |     9 ||    16
       Potion            |       |       |     1 ||     1
 Stab: Sleeping          |     7 |     4 |     3 ||    14
       Distracted        |       |     1 |     1 ||     2
  Eat: Ration            |     1 |       |     2 ||     3
       Chunk             |       |     4 |     5 ||     9
Armor: Robe              |     5 |       |       ||     5
       Ring mail         |    32 |    40 |    58 ||   130
Dodge: Dodged            |    52 |    72 |    76 ||   200
